[Event "Titled Tuesday Blitz June 13 Early 2023"]
[White "Kumsiashvili, Nikoloz"]
[Black "Garcia Cuenca, Victor"]
[WhiteFideId "13600621"]
[BlackFideId "2250829"]
[WhiteElo "2299"]
[BlackElo "2329"]
[Result "1/2-1/2"]
[Round "6"]
[TimeControl "180+2"]
[Date "2023.06.13"]
[WhiteClock "0:00:18"]
[BlackClock "0:00:07"]
[Board "89"]

1. c4 Nf6 2. Nc3 g6 3. e4 d6 4. d4 Bg7 5. Nf3 O-O 6. Be2 c5 7. d5 b5 8. cxb5 a6 9. b6 Nbd7 10. a4 Qxb6 11. a5 Qa7 12. O-O Ne8 13. Nd2 Nc7 14. Re1 Rb8 15. Nc4 Nb5 16. Qd3 Nd4 17. Bd1 Qc7 18. Kh1 Rb4 19. Na4 e6 20. Nab6 Nxb6 21. axb6 Rxb6 22. Nxb6 Qxb6 23. dxe6 Bxe6 24. f4 a5 25. e5 Bf5 26. Qc3 Ra8 27. Bd2 dxe5 28. fxe5 Nc6 29. Bf3 Re8 30. Bf4 Nd4 31. Be4 Bxe4 32. Rxe4 Ra8 33. Be3 Ne6 34. Rd1 h6 35. h3 a4 36. Bg1 Qb5 37. Rc4 Rb8 38. Bxc5 Qxb2 39. Qxb2 Rxb2 40. Bd6 Rb5 41. Rc8+ Kh7 42. Rf1 Rb7 43. Ra8 Nd4 44. Rxa4 Nf5 45. Kh2 Rd7 46. Ra6 Nxd6 47. exd6 Be5+ 48. Kh1 Kg7 49. Rd1 Kf6 50. g4 Ke6 51. Kg2 Rxd6 52. Raxd6+ Bxd6 53. Kf3 Be5 54. Re1 f6 55. Rb1 h5 56. Rb6+ Kf7 57. Ke4 hxg4 58. hxg4 g5 59. Kf5 Kf8 60. Rb7 Kg8 61. Kg6 Kf8 62. Rf7+ Ke8 63. Rh7 Kf8 64. Rf7+ Ke8 65. Rxf6 Bxf6 66. Kxf6 Kf8 67. Kg6 Kg8 68. Kf6 Kf8 69. Kxg5 Kg7 70. Kf5 Kf7 71. g5 Kg7 72. g6 Kg8 73. Kg5 Kg7 74. Kf5 Kg8 75. Kf6 Kf8 76. Kf5 Kg7 77. Kg5 Kg8 78. Kh6 Kh8 79. g7+ Kg8 80. Kg6 1/2-1/2


[Site "https://www.chess.com"]

[Event "Titled Tuesday Blitz June 13 Early 2023"]
[White "Sourath Biswas"]
[Black "Lopez Idarraga, Daniel Eduardo"]
[WhiteFideId "35091484"]
[BlackFideId "4405501"]
[WhiteElo "2171"]
[BlackElo "1980"]
[Result "1/2-1/2"]
[Round "6"]
[TimeControl "180+2"]
[Date "2023.06.13"]
[WhiteClock "0:00:04"]
[BlackClock "0:00:07"]
[Board "90"]

1. d4 Nf6 2. Nf3 g6 3. c4 Bg7 4. g3 O-O 5. Bg2 d6 6. O-O c6 7. Nc3 Bf5 8. Ng5 e5 9. d5 cxd5 10. cxd5 h6 11. e4 Bg4 12. f3 Bc8 13. Nh3 b5 14. Be3 b4 15. Na4 Nbd7 16. Rc1 Ba6 17. Rf2 Qa5 18. b3 Rfc8 19. Rfc2 Rxc2 20. Qxc2 Bb5 21. Bf1 Bxf1 22. Kxf1 Bf8 23. Qd2 g5 24. Nf2 Be7 25. Rc6 Ne8 26. Ng4 Kg7 27. Bf2 Bd8 28. Ne3 Nb6 29. Nf5+ Kh7 30. Bxb6 Bxb6 31. Qe2 Bc5 32. Qc4 Ng7 33. Nxd6 Bxd6 34. Rxd6 Rb8 35. Ra6 Qd8 36. Rxa7 Rc8 37. Qe2 Rc1+ 38. Kg2 Qc8 39. Qa6 Rc2+ 40. Kg1 Rc1+ 41. Kg2 Rc2+ 42. Kg1 Rc1+ 43. Kg2 1/2-1/2


[Site "https://www.chess.com"]

[Event "Titled Tuesday Blitz June 13 Early 2023"]
[White "Itkis, Boris"]
[Black "Nagare Kaivalya Sandip"]
[WhiteFideId "1209167"]
[BlackFideId "25957929"]
[WhiteElo "2219"]
[BlackElo "2024"]
[Result "1-0"]
[Round "6"]
[TimeControl "180+2"]
[Date "2023.06.13"]
[WhiteClock "0:00:31"]
[BlackClock "0:00:13"]
[Board "91"]

1. c4 Nf6 2. Nf3 e6 3. e3 d5 4. b3 Be7 5. Bb2 O-O 6. g3 b6 7. Bg2 Bb7 8. O-O a5 9. Nc3 c5 10. d3 Nc6 11. cxd5 exd5 12. d4 Ne4 13. Rc1 Nxc3 14. Bxc3 Nb4 15. Qd2 a4 16. dxc5 bxc5 17. Bxb4 cxb4 18. Nd4 axb3 19. axb3 Ra3 20. Nb5 Rxb3 21. Qc2 Qb6 22. Qxb3 Qxb5 23. Rfd1 Rd8 24. Rd4 Bc5 25. Rd2 Kf8 26. Rcd1 Be7 27. Bxd5 Bxd5 28. Rxd5 Rxd5 29. Rxd5 Qe2 30. Rf5 Qe1+ 31. Kg2 f6 32. Rb5 Qc3 33. Rb8+ 1-0


[Site "https://www.chess.com"]

[Event "Titled Tuesday Blitz June 13 Early 2023"]
[White "Torres Hernandez, Leslie Carolin"]
[Black "Kvaloy, Aksel Bu"]
[WhiteFideId "8400504"]
[BlackFideId "1528815"]
[WhiteElo "1920"]
[BlackElo "2318"]
[Result "0-1"]
[Round "6"]
[TimeControl "180+2"]
[Date "2023.06.13"]
[WhiteClock "0:00:03"]
[BlackClock "0:00:04"]
[Board "92"]

1. e4 e5 2. Nf3 Nf6 3. Nxe5 Nc6 4. Nf3 Nxe4 5. d4 d5 6. Bd3 Bg4 7. c3 Bd6 8. O-O O-O 9. Re1 f5 10. Nbd2 Kh8 11. Qb3 Qf6 12. Qxd5 Rae8 13. Nxe4 fxe4 14. Bg5 Qf5 15. Bxe4 Qd7 16. Ne5 Nxe5 17. dxe5 Rxe5 18. Qd2 h6 19. Bh4 Rxe4 20. Rxe4 Bxh2+ 21. Kxh2 Qxd2 22. Rxg4 Rf4 23. Rxf4 Qxf4+ 24. Bg3 Qd2 25. Be5 Qxf2 26. Rd1 Qxb2 27. Rd8+ Kh7 28. Rd7 Kg6 29. Rxg7+ Kf5 30. Bd4 Qd2 31. Rxc7 Qf4+ 32. Kh3 Qxc7 33. g4+ Ke4 34. Kh4 Kf3 35. Kh5 Qe7 36. Bf6 Qxf6 0-1


[Site "https://www.chess.com"]

[Event "Titled Tuesday Blitz June 13 Early 2023"]
[White "Ezat, Mohamed"]
[Black "sebastianmarinp"]
[WhiteFideId "10600906"]
[WhiteElo "2372"]
[BlackElo "2397"]
[Result "1-0"]
[Round "6"]
[TimeControl "180+2"]
[Date "2023.06.13"]
[WhiteClock "0:00:18"]
[BlackClock "0:00:02"]
[Board "93"]

1. d4 Nf6 2. c4 e6 3. Nc3 Bb4 4. f3 c5 5. a3 Bxc3+ 6. bxc3 O-O 7. e4 d6 8. Bd3 Nh5 9. Ne2 Qh4+ 10. g3 Qh3 11. Kf2 e5 12. Be3 f5 13. Ng1 f4 14. Nxh3 fxe3+ 15. Kxe3 Bxh3 16. f4 exf4+ 17. gxf4 Nxf4 18. Bf1 Bd7 19. Ra2 Nc6 20. Rf2 Ng6 21. Rxf8+ Rxf8 22. h4 Nf4 23. h5 Ne7 24. Rh4 Ne6 25. Bh3 Bc8 26. Bxe6+ Bxe6 27. Rf4 Re8 28. h6 Bxc4 29. hxg7 Nd5+ 30. Kf3 Nxf4 31. Kxf4 Kxg7 32. Qg4+ Kf7 33. Qd7+ Re7 34. Qxd6 cxd4 35. cxd4 Ba6 36. e5 Re6 37. Qd7+ Re7 38. Qf5+ Ke8 39. Ke3 b6 40. d5 Bc4 41. Kd4 Ba2 42. e6 Rg7 43. Qf4 Ke7 44. Qc7+ Kf6 45. Qe5+ Kg6 46. e7 1-0


[Site "https://www.chess.com"]

[Event "Titled Tuesday Blitz June 13 Early 2023"]
[White "Ibadov, Dashgyn"]
[Black "Ozalp, Burak"]
[WhiteFideId "24107514"]
[BlackFideId "6314210"]
[WhiteElo "2208"]
[BlackElo "2106"]
[Result "1-0"]
[Round "6"]
[TimeControl "180+2"]
[Date "2023.06.13"]
[WhiteClock "0:01:13"]
[BlackClock "0:00:07"]
[Board "94"]

1. d4 Nf6 2. Nf3 g6 3. Bf4 Bg7 4. Nc3 d5 5. Nb5 Na6 6. e3 O-O 7. h3 Ne4 8. Nd2 c6 9. Nxe4 cxb5 10. Nd2 Bf5 11. Bxb5 Qb6 12. Bxa6 Qxa6 13. c3 Rfe8 14. Nb3 b6 15. f3 f6 16. Kf2 e5 17. Bg3 Bh6 18. dxe5 Rad8 19. Qd4 fxe5 20. Bxe5 Rxe5 21. Qxe5 Bg7 22. Qe7 Rf8 23. Nd4 Bf6 24. Qd6 Bh4+ 25. g3 Be4 26. gxh4 Qd3 27. Rad1 Rxf3+ 28. Nxf3 Qc2+ 29. Kg3 1-0


[Site "https://www.chess.com"]

[Event "Titled Tuesday Blitz June 13 Early 2023"]
[White "Garrido, Denis"]
[Black "Perez, Maximiliano"]
[WhiteFideId "601217"]
[BlackFideId "117234"]
[WhiteElo "2349"]
[BlackElo "2334"]
[Result "1-0"]
[Round "6"]
[TimeControl "180+2"]
[Date "2023.06.13"]
[WhiteClock "0:00:11"]
[BlackClock "0:00:33"]
[Board "95"]

1. e4 c5 2. Nf3 Nc6 3. Bb5 g6 4. O-O Bg7 5. Re1 Nf6 6. e5 Nd5 7. Nc3 Nc7 8. Bxc6 dxc6 9. Ne4 b6 10. Nf6+ Kf8 11. Ne4 Bg4 12. d3 Ne6 13. Ned2 h5 14. h3 Bxf3 15. Nxf3 Qd5 16. a4 h4 17. Re4 Rh5 18. Qe2 Rd8 19. b3 Nd4 20. Nxd4 cxd4 21. Bf4 c5 22. Bh2 e6 23. Re1 a6 24. Qd2 Bh6 25. Bf4 Kg7 26. Bxh6+ Rxh6 27. Qf4 Rdh8 28. Qf6+ Kg8 29. Rg4 Qd7 30. Ree4 Rh5 31. Rxh4 b5 32. axb5 axb5 33. Rxh5 Rxh5 34. Re1 Rf5 35. Qh4 Qd5 36. Qe4 Qxe4 37. Rxe4 g5 38. g4 Rf4 39. Rxf4 gxf4 40. Kg2 f6 41. exf6 Kf7 42. Kf3 e5 43. g5 Kg6 44. h4 b4 45. Kg4 c4 46. h5+ Kf7 47. bxc4 e4 48. Kf5 b3 49. g6+ Kf8 50. h6 b2 51. g7+ Ke8 52. g8=Q+ Kd7 53. Qd5+ Kc7 54. Qb5 e3 55. fxe3 fxe3 56. Qxb2 e2 57. Qc1 1-0


[Site "https://www.chess.com"]

[Event "Titled Tuesday Blitz June 13 Early 2023"]
[White "Levitan, Caleb Levi"]
[Black "Ahmad, Khagan"]
[WhiteFideId "14332620"]
[BlackFideId "13431552"]
[WhiteElo "1963"]
[BlackElo "2209"]
[Result "1-0"]
[Round "6"]
[TimeControl "180+2"]
[Date "2023.06.13"]
[WhiteClock "0:01:39"]
[BlackClock "0:00:34"]
[Board "96"]

1. e4 c5 2. Nf3 d6 3. d4 cxd4 4. Nxd4 Nf6 5. Nc3 a6 6. Bc4 e6 7. Bb3 Be7 8. g4 Nc6 9. g5 Ng8 10. h4 Bd7 11. Be3 Qa5 12. Qd2 Rc8 13. f4 Bd8 14. f5 Nxd4 15. Qxd4 e5 16. Qxd6 Be7 17. Bxf7+ Kd8 18. Bb6+ 1-0


[Site "https://www.chess.com"]

[Event "Titled Tuesday Blitz June 13 Early 2023"]
[White "Weetik, Vjacheslav"]
[Black "Bashkansky, Ethan"]
[WhiteFideId "4153472"]
[BlackFideId "2071533"]
[WhiteElo "2469"]
[BlackElo "2331"]
[Result "1-0"]
[Round "6"]
[TimeControl "180+2"]
[Date "2023.06.13"]
[WhiteClock "0:00:09"]
[BlackClock "0:00:03"]
[Board "97"]

1. d4 f5 2. g3 Nf6 3. Bg2 g6 4. c4 Bg7 5. Nf3 O-O 6. O-O d6 7. Nc3 Nc6 8. d5 Na5 9. Qd3 c5 10. Ng5 a6 11. Ne6 Bxe6 12. dxe6 Rb8 13. Bd2 b5 14. b3 b4 15. Nd5 Nxd5 16. Bxd5 Bxa1 17. Rxa1 Rc8 18. Qf3 Qc7 19. h4 Nc6 20. h5 Ne5 21. Qf4 Qd8 22. hxg6 Nxg6 23. Qh6 Rf6 24. Bg5 Qf8 25. Qh5 Qg7 26. Kg2 Rcf8 27. Rh1 f4 28. Bh6 Qh8 29. g4 Ne5 30. g5 Rxh6 31. Qxh6 Qg7 32. Qh5 Rf5 33. Kf1 Rxg5 34. Qe8+ Qf8 35. Qxf8+ Kxf8 36. Rxh7 a5 37. Rh8+ Rg8 38. Rh4 Rg4 39. Rh8+ Rg8 40. Rh7 Rg7 41. Rh4 Rg4 42. Rh3 Kg7 43. e3 fxe3 44. Rxe3 Rd4 45. Rh3 Rd2 46. Kg2 Rxa2 47. Rg3+ Kf6 48. Kf1 Ra3 49. f4 Ng6 50. Rf3 a4 51. bxa4 Rxf3+ 52. Bxf3 b3 53. a5 d5 54. cxd5 Ne5 55. fxe5+ Kxe5 56. d6 b2 57. d7 b1=Q+ 58. Kg2 Qc2+ 59. Kg3 Qg6+ 60. Kf2 Qg8 61. a6 Qb8 62. Bb7 Kd6 63. a7 Qxa7 64. d8=Q+ Ke5 65. Qd5+ Kf6 66. Qf3+ Ke5 67. Qe4+ Kf6 68. Bd5 c4+ 69. Kf3 Qa3+ 70. Kg4 Qc1 71. Qf5+ Kg7 72. Qf7+ Kh6 73. Qf8+ Kh7 74. Qxe7+ Kh6 75. Qf6+ Kh7 76. Be4+ Kg8 77. Qf7+ Kh8 78. Qh7# 1-0


[Site "https://www.chess.com"]

[Event "Titled Tuesday Blitz June 13 Early 2023"]
[White "carokannlover213"]
[Black "Taboas Rodriguez, Daniel"]
[BlackFideId "2208466"]
[WhiteElo "2741"]
[BlackElo "2365"]
[Result "1/2-1/2"]
[Round "6"]
[TimeControl "180+2"]
[Date "2023.06.13"]
[WhiteClock "0:00:14"]
[BlackClock "0:00:25"]
[Board "98"]

1. f4 d5 2. Nf3 Bg4 3. Ne5 Bh5 4. b3 f6 5. Nf3 Bxf3 6. exf3 e6 7. d4 Bd6 8. Bd3 Nh6 9. Qe2 Qe7 10. O-O O-O 11. Re1 Re8 12. g4 c5 13. f5 Nc6 14. dxc5 Bxc5+ 15. Kh1 exf5 16. Qxe7 Rxe7 17. Rxe7 Nxe7 18. Bxh6 gxh6 19. gxf5 Bd4 20. c3 Be5 21. f4 Bxf4 22. Na3 Be5 23. Rg1+ Kf7 24. c4 Rg8 25. Rxg8 Nxg8 26. cxd5 Ke7 27. Nc4 a6 28. a4 Bf4 29. Na5 b6 30. Nc6+ Kd6 31. Bxa6 Kxd5 32. Bc4+ Kxc6 33. Bxg8 h5 34. Bxh7 h4 35. Bg8 Kc5 36. h3 Be5 37. Kg2 Kb4 38. Kf3 Bd4 39. Kg4 Bf2 40. Kh5 Be1 41. Kg6 Bc3 42. Be6 Bd4 43. Kf7 Be5 44. Ke7 Kc5 45. Kd7 Bd4 46. Bf7 Be3 47. Ke6 Bd4 48. Bh5 Bc3 49. Bd1 Bd4 50. Kf7 Be5 51. Kg6 Bd4 52. Be2 Be5 53. Bc4 Bd4 54. Kh5 Bf2 55. Kg4 Be1 56. Kf3 Bg3 57. Ke2 Be5 58. Ke3 Bc3 59. Kf3 Be5 60. Ke3 Bg3 61. Ke2 Be5 62. Kf3 Bg3 63. Kg4 Bf2 64. Bf7 Be1 65. Kf3 Bg3 66. Ke4 Be5 67. Kd3 Bb2 68. Kd2 Be5 69. Kd3 Bb2 70. Ke4 Be5 71. Kf3 Bg3 72. Kg4 Bf2 73. Kh5 Be3 74. Kg6 Bd4 75. Bc4 Bc3 76. Kf7 Bd4 77. Ke6 Bc3 78. Kd7 Bd4 79. Kc8 Bc3 80. Kb7 Bb4 81. Ka6 Bc3 82. Be2 Bb4 83. Kb7 Bc3 84. Kc7 Bb4 85. Kd7 Bc3 86. Ke6 1/2-1/2


[Site "https://www.chess.com"]

[Event "Titled Tuesday Blitz June 13 Early 2023"]
[White "Pakleza, Zbigniew"]
[Black "Kubicka, Anna"]
[WhiteFideId "1119290"]
[BlackFideId "1152254"]
[WhiteElo "2410"]
[BlackElo "2144"]
[Result "0-1"]
[Round "6"]
[TimeControl "180+2"]
[Date "2023.06.13"]
[WhiteClock "0:00:04"]
[BlackClock "0:01:01"]
[Board "99"]

1. d3 g6 2. e3 Bg7 3. c3 c5 4. b3 Nc6 5. a3 d5 6. f3 e5 7. g3 Nge7 8. h3 O-O 9. Ne2 f5 10. Bg2 d4 11. cxd4 exd4 12. e4 fxe4 13. fxe4 Ne5 14. Bf4 N7c6 15. O-O g5 16. Bc1 Rxf1+ 17. Bxf1 Qf6 18. Qc2 b6 19. Nd2 Be6 20. Bg2 Rf8 21. Nf1 Qf2+ 22. Kh1 Nf3 23. Bb2 Ne1 24. Rxe1 Qxe1 25. Kg1 Ne5 26. Bc1 Rf2 0-1


[Site "https://www.chess.com"]

[Event "Titled Tuesday Blitz June 13 Early 2023"]
[White "Yelisieiev, Yevhenii"]
[Black "Karthik Rajaa"]
[WhiteFideId "14139642"]
[BlackFideId "25035215"]
[WhiteElo "2403"]
[BlackElo "2215"]
[Result "1-0"]
[Round "6"]
[TimeControl "180+2"]
[Date "2023.06.13"]
[WhiteClock "0:00:13"]
[BlackClock "0:00:15"]
[Board "100"]

1. d4 Nf6 2. Nf3 g6 3. g3 Bg7 4. Bg2 O-O 5. O-O d6 6. b3 b5 7. Ne1 c6 8. Nd3 Bb7 9. Bb2 Nbd7 10. Nd2 Rb8 11. e4 Nb6 12. e5 Ne8 13. Qe2 Nc7 14. Rad1 a5 15. f4 b4 16. g4 Ncd5 17. f5 Bh6 18. Rf3 Ba6 19. Ne4 Nf4 20. Qf2 Nxd3 21. cxd3 dxe5 22. dxe5 Nd5 23. Qh4 Bg7 24. f6 exf6 25. exf6 Bh8 26. Rh3 h5 27. gxh5 Nf4 28. hxg6 1-0


[Site "https://www.chess.com"]

[Event "Titled Tuesday Blitz June 13 Early 2023"]
[White "gueraumasague"]
[Black "gau_npukyputb"]
[WhiteElo "2498"]
[BlackElo "2713"]
[Result "0-1"]
[Round "6"]
[TimeControl "180+2"]
[Date "2023.06.13"]
[WhiteClock "0:00:00"]
[BlackClock "0:00:17"]
[Board "101"]

1. e4 c5 2. Nc3 a6 3. g3 b5 4. Bg2 b4 5. Nce2 Bb7 6. d3 Nf6 7. f4 c4 8. Nf3 cxd3 9. cxd3 Qb6 10. Ned4 Ng4 11. h3 Nc6 12. hxg4 Nxd4 13. Nxd4 Qxd4 14. Qe2 Qb6 15. Be3 Qb5 16. Rc1 e6 17. d4 Qa5 18. b3 Be7 19. g5 Rc8 20. Rxc8+ Bxc8 21. e5 Qc7 22. Qc4 Qb8 23. d5 Bb7 24. O-O Qa8 25. Rd1 O-O 26. Rd2 Rc8 27. Qd3 Rc3 28. Qe2 Bxd5 29. Bxd5 exd5 30. Kh2 Qc6 31. Bd4 Rc1 32. Qd3 g6 33. Rd1 Rxd1 34. Qxd1 Bc5 35. Qd3 Bxd4 36. Qxd4 a5 37. Kh3 Kf8 38. Qa7 Qb5 39. Qa8+ Ke7 40. Qh8 Qf1+ 41. Kh2 Qe2+ 42. Kh3 Qh5+ 43. Kg2 Qe2+ 44. Kh3 Qf1+ 45. Kh2 Qa6 46. Qf6+ Qxf6 47. gxf6+ Ke6 48. Kg2 d6 49. exd6 Kxd6 50. g4 h5 51. gxh5 gxh5 0-1


[Site "https://www.chess.com"]

[Event "Titled Tuesday Blitz June 13 Early 2023"]
[White "Fus, Jakub"]
[Black "Bruedigam, Martin"]
[WhiteFideId "1193023"]
[BlackFideId "24608033"]
[WhiteElo "2335"]
[BlackElo "2331"]
[Result "1-0"]
[Round "6"]
[TimeControl "180+2"]
[Date "2023.06.13"]
[WhiteClock "0:01:07"]
[BlackClock "0:00:06"]
[Board "102"]

1. c4 e6 2. g3 d5 3. Bg2 a6 4. b3 b5 5. Bb2 Bb7 6. Na3 c6 7. Nf3 Nd7 8. O-O Ngf6 9. Nc2 Be7 10. d3 O-O 11. Re1 Rb8 12. e4 Ba8 13. cxd5 cxd5 14. e5 Ne8 15. Ncd4 Qb6 16. Qd2 Nc7 17. Rec1 Rfc8 18. Rc2 Bb7 19. Rac1 Na8 20. h4 b4 21. h5 a5 22. h6 g6 23. Rxc8+ Rxc8 24. Rxc8+ Bxc8 25. Qf4 Nc7 26. Ng5 Bxg5 27. Qxg5 Nf8 28. Qd8 Bd7 29. Nf3 Qc5 30. Bd4 Qc1+ 31. Bf1 Ne8 32. Be3 Qc3 33. Qe7 Bb5 34. Bc5 1-0


[Site "https://www.chess.com"]

[Event "Titled Tuesday Blitz June 13 Early 2023"]
[White "Orlov, Georgi"]
[Black "LangesNasenhaar"]
[WhiteFideId "2011271"]
[WhiteElo "2632"]
[BlackElo "2463"]
[Result "0-1"]
[Round "6"]
[TimeControl "180+2"]
[Date "2023.06.13"]
[WhiteClock "0:00:00"]
[BlackClock "0:00:04"]
[Board "103"]

1. d4 g6 2. Nf3 Bg7 3. c4 d6 4. Nc3 e5 5. d5 f5 6. e4 Nf6 7. exf5 gxf5 8. Ng5 h6 9. Ne6 Bxe6 10. dxe6 c6 11. Qf3 O-O 12. Qxf5 Nd5 13. Qg4 Nxc3 14. bxc3 Qf6 15. Be3 Na6 16. Rb1 b6 17. Be2 Rae8 18. Bf3 Nb8 19. Be4 Qxe6 20. Qh4 d5 21. cxd5 cxd5 22. Bc2 Nc6 23. O-O Ne7 24. Rb4 Nf5 25. Bxf5 Rxf5 26. Rg4 Kh7 27. Rd1 Ref8 28. Qg3 R8f7 29. Qh3 Qf6 30. f3 Qe6 31. Rh4 e4 32. fxe4 dxe4 33. Qg4 Re7 34. h3 Ra5 35. Qf4 Rxa2 36. Rd6 Ra1+ 37. Kf2 Qf7 38. Qxf7 Rxf7+ 39. Ke2 Ra2+ 40. Ke1 Rxg2 41. Rxe4 Bxc3+ 42. Bd2 Bxd2+ 43. Rxd2 Rxd2 44. Kxd2 Rb7 45. Re6 b5 46. Ra6 b4 47. Kc2 b3+ 48. Kb2 Kg7 49. h4 Kh7 50. h5 Kg7 51. Rg6+ Kh7 52. Ra6 Kg7 53. Rg6+ Kf8 54. Rxh6 a5 55. Ra6 Rb5 56. h6 Kg8 57. Ra7 Kh8 58. h7 Rh5 59. Kxb3 Rxh7 0-1


[Site "https://www.chess.com"]

[Event "Titled Tuesday Blitz June 13 Early 2023"]
[White "UNSTOPPABLE_LEGEND"]
[Black "Fiorito, Joaquin"]
[BlackFideId "180173"]
[WhiteElo "2461"]
[BlackElo "2199"]
[Result "0-1"]
[Round "6"]
[TimeControl "180+2"]
[Date "2023.06.13"]
[WhiteClock "0:00:08"]
[BlackClock "0:01:49"]
[Board "104"]

1. d4 Nf6 2. c4 e6 3. Nf3 d5 4. cxd5 exd5 5. Nc3 c6 6. Qc2 Be7 7. Bg5 g6 8. e3 Bf5 9. Bd3 Bxd3 10. Qxd3 Nbd7 11. Bh6 Ng4 12. Bf4 O-O 13. h3 Ngf6 14. O-O Re8 15. Rab1 Bf8 16. b4 a6 17. a4 Ne4 18. b5 axb5 19. axb5 Ra3 20. Rfc1 Qa5 21. bxc6 bxc6 22. Rb7 Ndf6 23. Bc7 Rxc3 24. Bxa5 Rxd3 25. Rxc6 Bd6 26. Ne5 Bxe5 27. dxe5 Nh5 28. Rcc7 Rd1+ 29. Kh2 Nxf2 30. Rxf7 Rh1# 0-1


[Site "https://www.chess.com"]

[Event "Titled Tuesday Blitz June 13 Early 2023"]
[White "The_Sherman_Variation"]
[Black "Ovetchkin, Roman"]
[BlackFideId "4119991"]
[WhiteElo "2451"]
[BlackElo "2398"]
[Result "0-1"]
[Round "6"]
[TimeControl "180+2"]
[Date "2023.06.13"]
[WhiteClock "0:00:15"]
[BlackClock "0:01:08"]
[Board "105"]

1. Nf3 Nf6 2. g3 g6 3. Bg2 Bg7 4. O-O O-O 5. d4 d6 6. c4 c6 7. Nc3 Bf5 8. Re1 Ne4 9. Nh4 Nxc3 10. bxc3 Bc8 11. e4 c5 12. Rb1 Nc6 13. d5 Na5 14. Qd3 b6 15. Nf3 Ba6 16. Nd2 Qd7 17. Bf1 Qa4 18. a3 Rad8 19. f4 e6 20. Kf2 Rfe8 21. Be2 exd5 22. exd5 Qd7 23. Bb2 Re7 24. Bf3 Rde8 25. Qf1 Qf5 26. Be4 Rxe4 27. Rxe4 Rxe4 28. Nxe4 Qxe4 29. Re1 Qc2+ 30. Re2 Qa4 31. Qe1 Kf8 32. Re7 Bf6 33. Rxa7 Qc2+ 34. Kg1 Qxb2 35. Rxa6 Nxc4 36. Ra8+ Kg7 37. g4 Qxc3 38. Qe8 Qe3+ 39. Qxe3 Nxe3 40. h3 Nxd5 41. Rb8 c4 42. Rc8 Bd4+ 43. Kf1 Bc5 44. Ke2 Nxf4+ 45. Kd2 Nxh3 0-1


[Site "https://www.chess.com"]

[Event "Titled Tuesday Blitz June 13 Early 2023"]
[White "Moral Garcia, Serafin"]
[Black "a-z30"]
[WhiteFideId "2201925"]
[WhiteElo "2274"]
[BlackElo "2444"]
[Result "1-0"]
[Round "6"]
[TimeControl "180+2"]
[Date "2023.06.13"]
[WhiteClock "0:00:53"]
[BlackClock "0:00:00"]
[Board "106"]

1. e4 d6 2. d4 Nf6 3. Nc3 g6 4. f4 Bg7 5. Nf3 O-O 6. Bd3 Nc6 7. e5 Nh5 8. Be4 Bg4 9. Be3 f6 10. e6 f5 11. Bd5 Nf6 12. Bb3 d5 13. h3 Bxf3 14. Qxf3 Nb4 15. a3 Na6 16. O-O-O c6 17. g4 Ne4 18. Nxe4 fxe4 19. Qg2 Kh8 20. Rdf1 Qd6 21. f5 gxf5 22. gxf5 Rg8 23. Qd2 Bf6 24. Rfg1 Rxg1+ 25. Rxg1 Rg8 26. Rxg8+ Kxg8 27. Bf4 Qd8 28. Qg2+ Kh8 29. c3 Qg8 30. Qg4 1-0


[Site "https://www.chess.com"]

[Event "Titled Tuesday Blitz June 13 Early 2023"]
[White "Pastar, Slaven"]
[Black "Grossboss19"]
[WhiteFideId "14402718"]
[WhiteElo "2219"]
[BlackElo "2437"]
[Result "1-0"]
[Round "6"]
[TimeControl "180+2"]
[Date "2023.06.13"]
[WhiteClock "0:00:36"]
[BlackClock "0:00:02"]
[Board "107"]

1. b3 Nf6 2. Bb2 e6 3. Nf3 Be7 4. g3 O-O 5. Bg2 c5 6. c4 Nc6 7. O-O Qc7 8. d4 cxd4 9. Nxd4 a6 10. Nc3 d6 11. Rc1 Bd7 12. Nd5 exd5 13. cxd5 Nxd5 14. Bxd5 Rac8 15. e4 Qb6 16. Nf5 Bxf5 17. exf5 Ne5 18. Qe2 Bf6 19. Kg2 h6 20. a4 Qb4 21. Qe4 Qxe4+ 22. Bxe4 b5 23. Ba3 bxa4 24. bxa4 Nc4 25. Bb7 Rb8 26. Rxc4 Rxb7 27. Bxd6 Rb6 28. Bxf8 Kxf8 29. Rfc1 Kg8 30. Rc6 Rb4 31. R1c4 Rb2 32. Rc2 Rb4 33. Rxa6 Bd4 34. Ra2 Rc4 35. a5 Rc5 36. f6 gxf6 37. Rd6 Be5 38. Rd8+ Kg7 39. a6 Bc7 40. a7 Bxd8 41. a8=Q Bc7 42. Qe4 Re5 43. Qc4 Bd6 44. h4 Re6 45. Qg4+ Kf8 46. Ra8+ Re8 47. Rxe8+ Kxe8 48. Qh5 Bf8 49. Qb5+ Ke7 50. Qc6 Bg7 51. g4 f5 52. gxf5 Bf6 53. h5 Bg5 54. Kg3 Bf6 55. f4 Bg7 56. Kg4 Bf6 57. Qc7+ Kf8 58. Qd7 Kg7 59. Kf3 Kf8 60. Ke4 Bg7 61. Qd8# 1-0


[Site "https://www.chess.com"]

[Event "Titled Tuesday Blitz June 13 Early 2023"]
[White "Thecourseoisildur"]
[Black "KorolDimitriy75"]
[WhiteElo "2586"]
[BlackElo "2427"]
[Result "1-0"]
[Round "6"]
[TimeControl "180+2"]
[Date "2023.06.13"]
[WhiteClock "0:00:07"]
[BlackClock "0:00:00"]
[Board "108"]

1. e4 c5 2. Nf3 d6 3. d4 cxd4 4. Nxd4 Nf6 5. Nc3 g6 6. Be3 Bg7 7. f3 O-O 8. Qd2 Nc6 9. g4 Be6 10. Be2 Nxd4 11. Bxd4 Qa5 12. h4 Rfc8 13. h5 Rab8 14. a3 b5 15. b4 Qa6 16. hxg6 fxg6 17. g5 Nh5 18. Bxg7 Kxg7 19. f4 Ng3 20. Rg1 Nxe2 21. Nxe2 Qc6 22. Qd4+ Kg8 23. c3 Bc4 24. Ng3 e5 25. fxe5 dxe5 26. Qxe5 Re8 27. Qf4 Bd3 28. Kd2 Bxe4 29. Nxe4 Rbd8+ 30. Kc2 Rxe4 31. Qf2 Rc8 32. Rg3 Rc4 33. Qd2 Qe4+ 34. Kb2 Qe5 35. Rd3 R4c7 36. Re1 1-0


[Site "https://www.chess.com"]

[Event "Titled Tuesday Blitz June 13 Early 2023"]
[White "Skliarov, Viktor"]
[Black "Petrova, Irina"]
[WhiteFideId "14106736"]
[BlackFideId "14124122"]
[WhiteElo "2317"]
[BlackElo "2084"]
[Result "1-0"]
[Round "6"]
[TimeControl "180+2"]
[Date "2023.06.13"]
[WhiteClock "0:00:23"]
[BlackClock "0:00:05"]
[Board "109"]

1. e4 d6 2. d4 g6 3. Nc3 Bg7 4. Be3 a6 5. f3 b5 6. Qd2 Nd7 7. g4 h6 8. h4 Bb7 9. Nh3 c5 10. Rd1 Qc7 11. dxc5 dxc5 12. Nd5 Qc8 13. Bf4 Ne5 14. Be2 e6 15. Nb6 Qd8 16. Nxa8 Qxd2+ 17. Rxd2 Bxa8 18. a4 c4 19. axb5 axb5 20. Kf2 Ne7 21. Ra1 O-O 22. Ra5 Bc6 23. Ra7 Nc8 24. Rc7 Ba8 25. c3 Nb6 26. Be3 Na4 27. Bd4 Rd8 28. f4 Nd3+ 29. Bxd3 cxd3 30. Bxg7 Kxg7 31. Ke3 Nb6 32. b3 h5 33. g5 Nc8 34. Rxd3 Re8 35. Rdd7 Rf8 36. Nf2 Nb6 37. Rd6 Nc8 38. Ra6 1-0


[Site "https://www.chess.com"]

[Event "Titled Tuesday Blitz June 13 Early 2023"]
[White "Arencibia Monduy, Antonio"]
[Black "Rian, Kapriaga"]
[WhiteFideId "3507939"]
[BlackFideId "7103263"]
[WhiteElo "2564"]
[BlackElo "2356"]
[Result "1-0"]
[Round "6"]
[TimeControl "180+2"]
[Date "2023.06.13"]
[WhiteClock "0:01:34"]
[BlackClock "0:00:00"]
[Board "110"]

1. e4 c6 2. d4 d5 3. e5 Bf5 4. c3 e6 5. Nf3 c5 6. Bb5+ Nc6 7. O-O Ne7 8. Be3 cxd4 9. Nxd4 a6 10. Bxc6+ bxc6 11. Qa4 Qd7 12. b4 Bxb1 13. Raxb1 g6 14. Bg5 Bg7 15. Bxe7 Kxe7 16. Nxc6+ Ke8 17. b5 f6 18. b6 Kf7 19. b7 1-0


[Site "https://www.chess.com"]